 Dungeon Crawl Stone Soup version 0.31-a0-222-gefeffbb62a (webtiles) character file.

Game seed: 3179284116436288123

79 qw the Shooter (level 4, -3/26 HPs)
             Began as a Gargoyle Hexslinger on July 5, 2023.
             Killed from afar by an orc wizard (4 damage)
             ... with a puff of flame
             ... on level 3 of the Dungeon.
             The game lasted 00:00:52 (1531 turns).

qw the Shooter (Gargoyle Hexslinger)                Turns: 1531, Time: 00:00:53

Health: -3/26      AC: 11    Str: 12    XL:     4   Next: 37%
Magic:  5/5        EV: 10    Int: 13    God:
Gold:   82         SH:  0    Dex: 14    Spells: 4/5 levels left

rFire   . . .        Y - +1 sling
rCold   . . .        (no shield)
rNeg    + . .        f - +0 ring mail
rPois   inf          (no helmet)
rElec   +            e - +2 cloak
rCorr   .            (no gloves)
SInv    +            (no boots)
Will    .....        h - amulet of faith
Stlth   +            g - ring of see invisible
HPRegen 0.24/turn    (no ring)
MPRegen 0.09/turn

%: faith
@: no status effects
A: sickness immunity, AC +3, negative energy resistance 1, electricity
resistance, torment resistance 1, petrification resistance
a: no special abilities


You were on level 3 of the Dungeon.
You visited 1 branch of the dungeon, and saw 3 of its levels.

You collected 133 gold pieces.
You spent 51 gold pieces at shops.


Innate Abilities, Weirdness & Mutations

You are immune to sickness and miasma.
Your stone body is resilient. (AC +3)
You are immune to poison.
You resist negative energy. (rN+)
You are resistant to electric shocks. (rElec)
You are resistant to unholy torment.
You are immune to petrification.


   Skills:
 - Level 2.0 Fighting
 + Level 3.9 Ranged Weapons
 - Level 1.1 Armour
 - Level 1.5 Dodging
 - Level 1.0 Spellcasting
 - Level 2.6 Hexes


You had 4 spell levels left.
You knew the following spells:

 Your Spells              Type           Power      Damage    Failure   Level
a - Slow                  Hex            28%        N/A       22%         1

Your spell library contained the following spells:

 Spells                   Type           Power      Damage    Failure   Level
 Inner Flame              Hex/Fire       4%         N/A       73%         3
 Portal Projectile        Hex/Tloc       8%         N/A       73%         3
 Cause Fear               Hex            3%         N/A       91%         4

Inventory:

Hand Weapons
 Y - a +1 sling (weapon)
Armour
 e - a +2 cloak (worn)
 f - a +0 ring mail (worn)
Jewellery
 g - a ring of see invisible (left hand)
 h - an amulet of faith (around neck)
Scrolls
 b - 4 scrolls of identify
Potions
 a - a potion of degeneration {unknown}
 c - a potion of heal wounds
 j - a potion of enlightenment
 m - 2 potions of haste

Dungeon Overview and Level Annotations

Branches:
Dungeon (3/15)

Altars:
Jiyva

Shops:
D:1 [*(([

Annotations:
D:1 2 runed translucent doors


Message History

The adder hisses angrily.
You hear an angry hiss.
A giant cockroach comes into view.
You shoot a sling bullet. The sling bullet hits the orc.
The orc is lightly wounded.
A frilled lizard comes into view.
You shoot a sling bullet.
The sling bullet barely misses the orc warrior.
The orc warrior closely misses you.
You shoot a sling bullet.
The sling bullet closely misses the orc warrior.
The orc warrior closely misses you.
The orc wizard points at you and mumbles some strange words.
The magic dart hits you.
The orc warrior hits you from afar with a +0 glaive!
The frilled lizard bites you.
You shoot a sling bullet.
The sling bullet closely misses the frilled lizard.
The sling bullet closely misses the adder.
The sling bullet completely misses the giant cockroach.
The giant cockroach waves its antennae.
The orc warrior hits you from afar with a +0 glaive.
A hobgoblin comes into view. It is wielding a staff of air.
The frilled lizard barely misses you.
You shoot a sling bullet. The hobgoblin shouts!
The sling bullet hits the orc wizard.
The orc wizard is moderately wounded.
The adder barely misses you.
The orc warrior hits you from afar with a +0 glaive.
The frilled lizard closely misses you.
The orc wizard hits you but does no damage.
The frilled lizard hisses.
The adder barely misses you.
You shoot a sling bullet. The sling bullet hits the orc wizard.
The orc wizard is heavily wounded.
The orc warrior hits you from afar with a +0 glaive!
The orc wizard gestures at you while chanting.
The puff of flame hits you.
You die...

...#.##.......###
.##...............#
.#.###...##.####.# .
... #.#.##.### #.
#.###...##...#
#.##....).###...#
.....l#...# #...#
#..B.l..###...##
#.#gS@...##....#
#...o....##....####
......o##....#.......#
..#.##o ###..........#
.. #. #.....%....# .#
#o #..........# go
#.....#....# #.
#......<...# #.
....#......##


You could see an orc warrior, an orc wizard, an adder, an orc, a giant
cockroach, a hobgoblin and 2 frilled lizards.

Vanquished Creatures
  2 adders
  4 dart slugs
  7 ball pythons
  7 endoplasms
  3 giant cockroaches
  3 goblins
  4 hobgoblins
  A jackal (D:2)
  2 quokkas (D:1)
  6 bats
  3 frilled lizards (D:1)
  5 kobolds
  8 rats
55 creatures vanquished.

Notes
Turn   | Place    | Note
-------+----------+-------------------------------------------
     0 | D:1      | qw the Gargoyle Hexslinger began the quest for the Orb.
     0 | D:1      | Reached XP level 1. HP: 12/12 MP: 2/2
     0 | D:1      | 0 ||| qw: Version: 0.3-a-46-gb1f654a
     0 | D:1      | 0 ||| qw: Game counter: 1038
     0 | D:1      | 0 ||| qw: Melee chars always use a shield: true
     0 | D:1      | 0 ||| qw: God list: Okawaru
     0 | D:1      | 0 ||| qw: Allow faded altars: false
     0 | D:1      | 0 ||| qw: Do Orc after clearing Dungeon:15 true
     0 | D:1      | 0 ||| qw: Do second Lair branch before Depths: true
     0 | D:1      | 0 ||| qw: Lair rune preference: random
     0 | D:1      | 0 ||| qw: Goals: Normal
     0 | D:1      | 0 ||| PLANNING D:1-11
    64 | D:1      | Reached XP level 2. HP: 16/16 MP: 3/3
    67 | D:1      | Found a large runed translucent door.
    67 | D:1      | Found a large runed translucent door.
    73 | D:1      | Found a viscous altar of Jiyva.
   230 | D:1      | Reached skill level 3 in Ranged Weapons
   238 | D:1      | Found Xoggiexa's Antique Armour Shoppe.
   247 | D:1      | 247 ||| SHOPLISTING -2 hat of the Alchemist {rElec rPois
                  | rF+ rC+ rN+ Will+ rMut rCorr} (1321 gold, have 47).
   285 | D:1      | Found Apunwan's Weapon Emporium.
   293 | D:1      | 293 ||| SHOPLISTING +3 sling of flaming (216 gold, have
                  | 47).
   343 | D:1      | Found Vouch's Weapon Boutique.
   360 | D:1      | Reached XP level 3. HP: 21/21 MP: 4/4
   426 | D:1      | Found Darchog's Armour Shoppe.
   429 | D:1      | 429 ||| SHOPLISTING +0 robe of willpower (77 gold, have
                  | 65).
   429 | D:1      | 429 ||| SHOPLISTING +0 troll leather armour of the Gloaming
                  | {Regen+ Dex+3} (283 gold, have 65).
   447 | D:1      | Found Nuleutz's Assorted Antiques.
   461 | D:1      | 461 ||| BUYING dark potion (24 gold).
   461 | D:1      | Bought a dark potion for 24 gold pieces
   461 | D:1      | 461 ||| BUYING scroll labelled NUYCEITASH (27 gold).
   461 | D:1      | Bought a scroll labelled NUYCEITASH for 27 gold pieces
   461 | D:1      | 461 ||| FLEEEEING.
   463 | D:1      | 463 ||| FLEEEEING.
   464 | D:1      | 464 ||| FLEEEEING.
   474 | D:1      | 474 ||| FLEEEEING.
   739 | D:1      | 739 ||| UPGRADING to +2 cloak.
   744 | D:1      | 744 ||| UPGRADING to +0 ring mail.
   754 | D:1      | 754 ||| DROPPING +0 robe.
   755 | D:1      | 755 ||| UPGRADING to amulet of faith.
   760 | D:1      | 760 ||| READING scroll labelled GELATWANYWK.
   761 | D:1      | 761 ||| READING scroll labelled NUYCEITASH.
   762 | D:1      | 762 ||| READING scroll labelled TIPTET KEIJIZ.
   766 | D:1      | 766 ||| READING scroll labelled ZIR LUMASEGRAF.
   767 | D:1      | 767 ||| READING scroll labelled GAD PARELU.
   868 | D:1      | 868 ||| DRINKING 2 dark potions.
   869 | D:1      | 869 ||| DRINKING 2 glowing red potions.
   870 | D:1      | 870 ||| DROPPING scroll of poison.
   972 | D:2      | Reached skill level 1 in Armour
  1042 | D:2      | HP: 5/21 [kobold/+0 whip (1)]
  1043 | D:2      | 1043 ||| DRINKING potion of heal wounds.
  1132 | D:2      | Reached XP level 4. HP: 26/26 MP: 5/5
  1463 | D:2      | 1463 ||| UPGRADING to ring of see invisible.
  1464 | D:2      | 1464 ||| READING scroll labelled JUWID FOAK.
  1465 | D:2      | 1465 ||| READING scroll labelled ASADIF AFOE.
  1466 | D:2      | 1466 ||| READING scroll labelled ASIUKAM OFIRI.
  1467 | D:2      | 1467 ||| READING 6 scrolls of identify.
  1467 | D:2      | 1467 ||| IDENTIFYING smoky blue potion
  1468 | D:2      | 1468 ||| READING 5 scrolls of identify.
  1468 | D:2      | 1468 ||| IDENTIFYING clear potion
  1469 | D:2      | 1469 ||| DROPPING potion of lignification.
  1523 | D:3      | Noticed an orc warrior
  1524 | D:3      | 1524 ||| Stepping ~*~*~tactically~*~*~ (outnumbered).
  1531 | D:3      | HP: 1/26 [orc warrior/+0 glaive (7)]
  1531 | D:3      | Killed from afar by an orc wizard

Levels and vault maps discovered:
D:1:      erik_arrival_cave_to_civilisation [erik_arrival_cave_to_temple],
          layout_basic, serial_shops, nicolae_shop_bloodbath_and_beyond,
          nicolae_shop_getting_attention, shop, nicolae_shop_real_fake_doors,
          shop
D:2:      minmay_evil_eye, layout_rooms, st_stairs_3, minmay_misc_feat_alley,
          minmay_pentomino_w4
D:3:      layout_rooms, minmay_fractal_squares_5

Skill      XL: |  1  2  3 |
---------------+----------+-----
Ranged Weapons | 3 |  3.9
Fighting       | 2 |  2.0
Armour         | 1 |  1.1
Dodging        | |  1.5
Spellcasting   | |  1.0
Hexes          | |  2.6

Action                     |  1- 3 |  4- 6 || total
---------------------------+-------+-------++-------
   Fire: Sling             |   140 |    45 ||   185
    Use: Scroll            |     5 |     5 ||    10
         Potion            |     3 |       ||     3
 Armour: Robe              |     7 |       ||     7
         Ring mail         |    29 |    12 ||    41
  Dodge: Dodged            |    40 |    12 ||    52

Table legend:
 A = Non-vault XP
 B = Vault XP
 C = Vault XP percentage of total XP
 D = Non-vault monster count
 E = Vault monster count
 F = Vault count percentage of total count
                 A         B        C        D         E       F
            +---------+---------+-------+---------+---------+-------
      Total |      86 |      27 |  23.9 |      39 |      16 |  29.1
            +---------+---------+-------+---------+---------+-------
        D:1 |      50 |       3 |   5.7 |      30 |       2 |   6.2
        D:2 |      23 |      18 |  43.9 |       8 |      11 |  57.9
        D:3 |      13 |       6 |  31.6 |       1 |       3 |  75.0
            +---------+---------+-------+---------+---------+-------
